 Dungeon Sprint DCSS version 0.27.0-1-g7a089689b8 (webtiles) character file.

Game seed: 11827549673832592059

339 xpp the Fighter (level 6, -4/63 HPs)
             Began as a Draconian Berserker on July 31, 2021.
             Was a Follower of Trog.
             Slain by a boulder beetle (23 damage)
             ... in the Dungeon (Sprint II: "The Violet Keep of Menkaure").
             The game lasted 00:02:19 (608 turns).

xpp the Fighter (Draconian Berserker)                Turns: 608, Time: 00:02:19

Health: -4/63      AC:  6    Str: 20    XL:     6   Next: 29%
Magic:  6/6        EV: 14    Int:  8    God:    Trog [*.....]
Gold:   243        SH:  0    Dex: 11    Spells: 5/5 levels left

rFire    . . .     SeeInvis .   a - +0 falchion
rCold    . . .     Faith    .   (no shield)
rNeg     . . .     Spirit   .   (armour unavailable)
rPois    .         Reflect  .   (helmet restricted)
rElec    .         Harm     .   (no cloak)
rCorr    .         Rampage  .   (no gloves)
Will     .....     NoTele   +   (no boots)
Stlth    +.........             (no amulet)
HPRegen  0.20/turn              (no ring)
MPRegen  0.10/turn              (no ring)

@: on berserk cooldown, slowed, very slow
A: AC +6, unfitting armour, cold-blooded
a: Renounce Religion, Berserk


You were in the Dungeon.
You worshipped Trog.
Trog was aware of your devotion.
You visited 1 branch You collected 243 gold pieces.

Inventory:

Hand Weapons
 a - a +0 falchion (weapon)
Scrolls
 g - a scroll of blinking
Potions
 b - a potion of curing
 c - a potion of heal wounds
 d - a potion of haste
 e - 2 potions of magic
 f - a potion of berserk rage


   Skills:
 + Level 9.3 Fighting
 + Level 8.5 Long Blades
 + Level 7.4 Dodging


You had 5 spell levels left.
You didn't know any spells.
Your spell library was empty.

Dungeon Overview and Level Annotations

Branches:
Dungeon (1/1)

Altars:


Innate Abilities, Weirdness & Mutations

Your plain brown scales are hard. (AC +6)
You cannot fit into any form of body armour.
You are cold-blooded and may be slowed by cold attacks.


Message History

The boulder beetle bites you!!
You hit the boulder beetle.
The boulder beetle is moderately wounded.
You hit the boulder beetle but do no damage.
The boulder beetle is moderately wounded.
The boulder beetle closely misses you.
You hit the boulder beetle. You tail-slap the boulder beetle.
The boulder beetle is heavily wounded.
You slash the boulder beetle!
The boulder beetle is heavily wounded.
The boulder beetle bites you.
You completely miss the boulder beetle.
The boulder beetle is heavily wounded.
You are no longer berserk.
You are exhausted.
You feel yourself slow down.
You feel the effects of Trog's Hand fading.
The boulder beetle bites you!!
* * * LOW HITPOINT WARNING * * *
You hit the boulder beetle but do no damage.
The boulder beetle is heavily wounded.
The boulder beetle closely misses you.
The boulder beetle bites you but does no damage.
You hit the boulder beetle but do no damage.
The boulder beetle is heavily wounded.
The boulder beetle closely misses you.
You hit the boulder beetle but do no damage.
The boulder beetle is heavily wounded.
The boulder beetle bites you.
* * * LOW HITPOINT WARNING * * *
You hit the boulder beetle but do no damage.
You tail-slap the boulder beetle, but do no damage.
The boulder beetle is heavily wounded.
Your skin stops crawling.
You feel less strong-willed.
The boulder beetle completely misses you.
You hit the boulder beetle but do no damage.
You tail-slap the boulder beetle, but do no damage.
The boulder beetle is heavily wounded.
The boulder beetle bites you!!
You die...

##+##
##...##
#..#..# #
##.#.## #
#. ##B##
.##
#l##@##B.$#
#+.<.+#
#l##.##.°.#
#. #+# .##
# #


You could see a boulder beetle.

Vanquished Creatures
  4 necrophages (D)
4 creatures vanquished.

Vanquished Creatures (others)
  A water moccasin (D)
1 creature vanquished.

Grand Total: 5 creatures vanquished

Notes
Turn   | Place    | Note
-------+----------+-------------------------------------------
     0 | D        | xpp the Draconian Berserker began the quest for the Orb.
     0 | D        | Reached XP level 1. HP: 19/19 MP: 1/1
     1 | D        | Noticed a wyvern
     1 | D        | Noticed a wyvern
     6 | D        | Noticed a necrophage
     6 | D        | Noticed a necrophage
     6 | D        | Noticed a necrophage
     6 | D        | Noticed a necrophage
    17 | D        | Killed a necrophage
    18 | D        | Reached skill level 6 in Fighting
    18 | D        | Reached skill level 5 in Long Blades
    18 | D        | Reached skill level 5 in Dodging
    18 | D        | Reached XP level 2. HP: 20/31 MP: 2/2
    18 | D        | Reached XP level 3. HP: 25/38 MP: 3/3
    18 | D        | Reached XP level 4. HP: 29/45 MP: 4/4
    21 | D        | Killed a necrophage
    22 | D        | Reached skill level 7 in Fighting
    22 | D        | Reached XP level 5. HP: 35/53 MP: 5/5
    27 | D        | Killed a necrophage
    27 | D        | Reached ** piety under Trog
    28 | D        | Reached skill level 8 in Fighting
    34 | D        | Killed a necrophage
    35 | D        | Reached skill level 9 in Fighting
    35 | D        | Reached XP level 6. HP: 19/63 MP: 6/6
    81 | D        | Killed a water moccasin
   298 | D        | Noticed a boulder beetle
   298 | D        | Noticed a boulder beetle
   608 | D        | Slain by a boulder beetle

Illustrated notes

Levels and vault maps discovered:
D:        the_violet_keep_of_menkaure [sprint2_stairs_cluster_1,
          sprint2_shoproom, sprint2_temple, sprint2_basic_supplies,
          sprint2_obstacle_4, sprint2_obstacle_3, sprint2_obstacle_5,
          sprint2_obstacle_2, sprint2_obstacle_1, sprint2_timed_cluster_1,
          sprint2_smallroom_cluster_1, sprint2_smallroom_final_cluster_1,
          sprint2_transparent_cluster_1, sprint2_second_timed_cluster_1,
          sprint2_sniper_area_1, sprint2_heavy_combat_area_1,
          sprint2_mutation_trap_area_1, sprint2_forest_area_1,
          sprint2_light_combat_area_1, sprint2_behind_water_1,
          sprint2_near_end_vault_1]

Skill      XL: |  1  2  3  4  5 |
---------------+----------------+-----
Fighting       | 6 7 9 |  9.3
Long Blades    | 5 6 8 |  8.5
Dodging        | 5 6 7 |  7.4

Action                   |  1- 3 |  4- 6 || total
-------------------------+-------+-------++-------
Melee: Falchion          |     7 |    59 ||    66
       Tailslap          |     1 |    15 ||    16
Invok: Berserk           |     1 |     3 ||     4
       Trog's Hand       |       |     5 ||     5
Armor: Skin              |     1 |    10 ||    11
Dodge: Dodged            |     2 |    19 ||    21
       Rpst.: Falchion   |       |     7 ||     7
